 Dungeon Crawl Stone Soup version 0.26.0-41-g79a4fc7684 (webtiles) character file.

Game seed: 16161092265229773632

8103 thiole the Blocker (level 11, 0/78 HPs)
             Began as an Octopode Hedge Wizard on Jan 26, 2021.
             Was an Initiate of Gozag.
             Slain by an orc warrior
             ... wielding a +0 battleaxe
              (30 damage)
             ... on level 9 of the Dungeon.
             The game lasted 00:46:39 (18238 turns).

thiole the Blocker (Octopode Hedge Wizard)         Turns: 18238, Time: 00:46:40

Health: 0/78       AC:  4    Str: 10    XL:     11   Next: 25%
Magic:  16/17      EV: 18    Int: 17    God:    Gozag
Gold:   863        SH:  0    Dex: 16    Spells: 10/18 levels left

rFire    . . .     SeeInvis .   G - +0 trident of Freehold {holy, +Inv Dex+4}
rCold    . . .     Faith    .   o - +0 kite shield
rNeg     + . .     Spirit   .   b - +1 hat
rPois    .         Reflect  .   (no amulet)
rElec    .         Harm     .   F - ring of positive energy
rCorr    .         Rampage  .   (no ring)
Will     .....                  (no ring)
Stlth    ++........             (no ring)
HPRegen  0.23/turn              (no ring)
MPRegen  0.15/turn              (no ring)
                                (no ring)
                                (no ring)

@: confused, lethally poisoned (0 -> -1), gold aura, very slightly contaminated
A: almost no armour, stealthy swim, amphibious, 8 rings, constrict 8, antennae
1, beak, iridescent scales 1, camouflage 1, dopey 1, gelatinous body 1
a: Renounce Religion, Evoke Invisibility, Potion Petition, Call Merchant, Bribe
Branch


You were on level 9 of the Dungeon.
You worshipped Gozag.
Gozag was pleased with you.
You visited 2 branches of the dungeon, and saw 10 of its levels.

You collected 970 gold pieces.
You paid 107 gold pieces to Gozag.

Inventory:

Hand Weapons
 a - a +0 dagger
 l - a +0 dagger of venom
 p - a +1 dagger of speed
 y - a +2 hunting sling of freezing
 D - a +3 spear of freezing
 G - the +0 trident of Freehold (weapon) {holy, +Inv Dex+4}
   (You took it off an orc wizard on level 6 of the Dungeon)

   It has been blessed by the Shining One to cause great damage to the undead
   and demons.
   It affects your dexterity (+4).
   It lets you turn invisible.
Armour
 b - a +1 hat (worn)
 o - a +0 kite shield (worn)
Magical Staves
 K - an uncursed staff of conjuration
Jewellery
 j - an uncursed ring of ice
 F - a ring of positive energy (left tentacle)
Wands
 x - a wand of flame (2)
 A - a wand of digging (6)
 B - a wand of acid (2)
Scrolls
 d - a scroll of enchant weapon
 g - 2 scrolls of fog {unknown}
 h - a scroll of magic mapping {unknown}
 i - a scroll of amnesia {unknown}
 m - 3 scrolls of teleportation
 r - a scroll of enchant armour
 u - 3 scrolls of remove curse
 w - a scroll of noise {unknown}
 E - a scroll of blinking {unknown}
 H - a scroll of random uselessness {unknown}
 I - a scroll of fear
Potions
 f - 3 potions of brilliance
 k - 4 potions of curing
 n - a potion of lignification {unknown}
 q - a potion of magic
 s - 2 potions of attraction {unknown}
 v - a potion of resistance {unknown}
 z - a potion of berserk rage
 C - a potion of degeneration {unknown}
 J - a potion of haste {unknown}


   Skills:
 + Level 8.4 Fighting
 + Level 8.1 Dodging
 - Level 3.9 Stealth
 * Level 11.3 Shields
 - Level 4.0 Spellcasting
 - Level 2.0 Conjurations
 - Level 2.0 Summonings
 - Level 1.0 Translocations
 - Level 2.0 Air Magic
 - Level 2.0 Poison Magic


You had 10 spell levels left.
You knew the following spells:

 Your Spells              Type           Power        Failure   Level
a - Magic Dart            Conj           40%          11%         1
b - Call Imp              Summ           10%          16%         2
c - Blink                 Tloc           N/A          24%         2
d - Mephitic Cloud        Conj/Pois/Air  10%          32%         3

Your spell library contained the following spells:

 Spells                   Type           Power        Failure   Level
 Shock                    Conj/Air       40%          11%         1
 Freeze                   Ice            12%          24%         1
 Corpse Rot               Necr/Air       N/A          24%         2
 Slow                     Hex            3%           36%         2
 Conjure Flame            Conj/Fire      6%           43%         3
 Metabolic Englaciation   Hex/Ice        1%           100%        5


Dungeon Overview and Level Annotations

Branches:
Dungeon (9/15)             Temple (1/1) D:7
   Lair: D:8-11         Orc: D:9-12

Altars:
Ashenzari
Cheibriados
Gozag
Hepliaklqana
Makhleb
Okawaru
Qazlal
Sif Muna
Trog
Uskayaw
Vehumet
Wu Jian
Zin
The Shining One
Beogh

Annotations:
D:7 2 transporters


Innate Abilities, Weirdness & Mutations

You cannot wear most types of armour.
You are very stealthy in the water. (Stealth+)
You are amphibious.
You can wear up to eight rings at the same time.
You can use your tentacles to constrict eight enemies at once.
Your skin changes colour to match your surroundings (Stealth+).
Your rubbery body absorbs attacks. (AC +1, EV +1)
You have a pair of small antennae on your head.
You have a beak for a mouth.
You are partially covered in iridescent scales. (AC +2)
You are dopey. (Int -2)


Message History

Okay, then.
You closely miss the orc. Your grab misses the orc. You block the orc's attack.
You puncture the orc!
You kill the orc!
You feel sick.
The orc becomes distracted by the nearby gold, dreaming of imaginary riches.
Casting: Mephitic Cloud (dangerous; 32% risk of failure)
Confirm with . or Enter, or press ? or * to list all spells.
Aiming: Mephitic Cloud (dangerous; 32% risk of failure)
Press: ? - help, Shift-Dir - straight line, f - orc warrior
Aim: an orc warrior, wielding a +0 battleaxe and wearing a cursed +0 chain mail You miscast Mephitic Cloud.
Sparks of electricity dance around you.
The orc shouts!
Unknown command.
You are confused.
You feel invigorated.
The orc is no longer distracted by gold.
The orc warrior hits you with a +0 battleaxe!!
You die...
Your body crumbles into a pile of gold.

#....###.## ###...## ##
..........### ##....##
............## #.....##
.............## #......##
........o.....###.......##
.........o..o.o#.........#
.............#o......(....#
.............##o..........#
.............###@.)......##
.............# ##......###
.............# #....###
.............# #..###
............. ##..# . ##.##
#.. #..# #.... ##.#......
#........


You could see an orc warrior, an orc wizard and 2 orcs.

Vanquished Creatures
  A two-headed ogre (D:8)
  Joseph (D:7)
  The ghost of kaeus the Insei, a novice OpTm of Gozag (D:5)
  The ghost of Shayle the Grasshopper, an amateur GnWr of Elyvilon (D:5)
  11 soldier ants (D:8)
  A water moccasin (D:7)
  A sky beast (D:8)
  The ghost of Demosthentine the Skirmisher, an amateur HODe of Beogh (D:5)
  A black bear (D:4)
  4 ice beasts
  3 phantoms
  A necrophage (D:7)
  2 ogres
  An orc warrior (D:6)
  2 centaurs
  2 lemures (D:6)
  2 bullfrogs
  2 scorpions
  6 wights
  2 howler monkeys
  4 orc priests
  4 hounds
  A jelly (D:8)
  An iguana (D:7)
  3 orc wizards
  24 worker ants
  2 hound skeletons (D:7)
  A worker ant zombie (D:7)
  A gnoll (D:5)
  10 adders
  4 shadow imps
  A white imp (D:9)
  An ufetubus (D:5)
  2 adder zombies
  An adder skeleton (D:5)
  5 worms
  4 dart slugs
  3 leopard geckos
  25 orcs
  A ball python (D:1)
  4 giant cockroaches
  7 goblins
  4 hobgoblins
  A jackal (D:3)
  9 kobolds
  4 quokkas
  5 bats
  3 frilled lizards
  3 jackal skeletons
  2 quokka skeletons
  4 rats
190 creatures vanquished.

Vanquished Creatures (collateral kills)
  2 two-headed ogres
  A queen ant (D:8)
  Pikel (D:7)
  9 soldier ants (D:8)
  A sky beast (D:8)
  2 phantoms
  An ice beast (D:9)
  An ogre (D:5)
  A centaur (D:7)
  A lemure (D:6)
  2 bullfrogs (D:6)
  A scorpion (D:6)
  5 wights
  3 howler monkeys
  2 jellies
  A centaur skeleton (D:6)
  3 worker ants
  An iguana (D:6)
  An orc wizard (D:6)
  3 gnolls
  An adder (D:6)
  A leopard gecko (D:4)
  7 orcs
  A ball python (D:3)
  A goblin (D:3)
  6 jackals (D:3)
  A frilled lizard (D:3)
  A jackal skeleton (D:6)
  A rat (D:3)
62 creatures vanquished.

Vanquished Creatures (others)
  4 plants (D:4)
  4 withered plants (D:5)
8 creatures vanquished.

Grand Total: 260 creatures vanquished

Notes
Turn   | Place    | Note
-------+----------+-------------------------------------------
     0 | D:1      | thiole the Octopode Hedge Wizard began the quest for the
                  | Orb.
     0 | D:1      | Reached XP level 1. HP: 11/11 MP: 4/4
   597 | D:1      | Reached XP level 2. HP: 17/17 MP: 3/6
   600 | D:1      | Learned a level 2 spell: Call Imp
   603 | D:1      | Learned a level 2 spell: Blink
  1413 | D:2      | Reached XP level 3. HP: 21/21 MP: 3/7
  2039 | D:2      | Reached XP level 4. HP: 27/27 MP: 5/9
  2164 | D:2      | Found a radiant altar of Vehumet.
  2302 | D:2      | Found an iron altar of Okawaru.
  2853 | D:2      | Found a bloodstained altar of Trog.
  3216 | D:2      | Learned a level 3 spell: Mephitic Cloud
  4054 | D:3      | Reached XP level 5. HP: 31/31 MP: 0/11
  4056 | D:3      | Reached skill level 1 in Air Magic
  4246 | D:4      | Noticed a phantom
  4251 | D:4      | Found a stormy altar of Qazlal.
  4369 | D:4      | Reached skill level 1 in Poison Magic
  4843 | D:4      | Noticed a black bear
  4853 | D:4      | Killed a black bear
  4854 | D:4      | Reached skill level 1 in Fighting
  4854 | D:4      | Reached skill level 1 in Shields
  4854 | D:4      | Reached XP level 6. HP: 38/38 MP: 3/12
  5025 | D:4      | Noticed a phantom
  5124 | D:5      | Entered Level 5 of the Dungeon
  5301 | D:5      | Reached skill level 2 in Shields
  5492 | D:5      | Found a broken altar of Ashenzari.
  6028 | D:5      | Found a runed translucent gate.
  6029 | D:5      | Found a runed translucent gate.
  6029 | D:5      | Found a runed translucent gate.
  6031 | D:5      | Noticed Demosthentine's ghost (amateur HODe)
  6031 | D:5      | Noticed kaeus's ghost (novice OpTm)
  6031 | D:5      | Noticed Shayle's ghost (amateur GnWr)
  6547 | D:5      | Found a snail-covered altar of Cheibriados.
  6547 | D:5      | Found a stormy altar of Qazlal.
  6673 | D:6      | Reached XP level 7. HP: 21/45 MP: 7/13
  6741 | D:6      | Reached skill level 3 in Shields
  7479 | D:6      | Reached skill level 4 in Shields
  9022 | D:6      | Reached XP level 8. HP: 32/50 MP: 2/14
  9223 | D:6      | Identified the cursed +0 trident of Freehold {holy, +Inv
                  | Dex+4}
  9233 | D:6      | Reached skill level 5 in Shields
  9687 | D:6      | Found a glowing silver altar of Zin.
  9688 | D:6      | Found a shimmering blue altar of Sif Muna.
  9949 | D:4      | Found a glowing golden altar of the Shining One.
 10759 | D:7      | Reached skill level 6 in Shields
 10813 | D:7      | Found a hazy altar of Hepliaklqana.
 10824 | D:7      | Reached skill level 5 in Fighting
 10883 | D:7      | Reached XP level 9. HP: 25/61 MP: 8/15
 11440 | D:7      | Noticed Pikel
 11493 | D:7      | Reached skill level 7 in Shields
 11938 | D:7      | Killed Pikel
 11939 | D:7      | Reached skill level 5 in Dodging
 12382 | D:7      | Found a bloodstained altar of Trog.
 12386 | D:7      | Found a staircase to the Ecumenical Temple.
 12477 | D:7      | Noticed Joseph
 12504 | D:7      | Killed Joseph
 12505 | D:7      | Reached skill level 8 in Shields
 12749 | Temple   | Entered the Ecumenical Temple
 12757 | Temple   | Became a worshipper of Gozag Ym Sagoz the Greedy
 12927 | D:7      | Found a roughly hewn altar of Beogh.
 12927 | D:7      | Found a transporter.
 13125 | D:7      | Found a transporter.
 13399 | D:5      | Killed Shayle's ghost
 13400 | D:5      | Killed Demosthentine's ghost
 13416 | D:5      | Killed kaeus's ghost
 13542 | D:5      | Identified Omyruolee's Incunabulum of Glacial Air
 13824 | D:8      | Reached XP level 10. HP: 61/69 MP: 9/16
 13908 | D:8      | Reached skill level 9 in Shields
 15002 | D:8      | Noticed a two-headed ogre
 15060 | D:8      | Killed a two-headed ogre
 15061 | D:8      | Reached skill level 10 in Shields
 15442 | D:8      | Noticed a two-headed ogre
 15454 | D:8      | Killed a two-headed ogre
 16086 | D:8      | Noticed a queen ant
 16103 | D:8      | Killed a queen ant
 16104 | D:8      | Reached XP level 11. HP: 33/77 MP: 9/17
 16120 | D:8      | Reached skill level 11 in Shields
 17703 | D:9      | Gained mutation: You have a pair of small antennae on your
                  | head. [potion of mutation]
 17703 | D:9      | Gained mutation: You are partially covered in iridescent
                  | scales. (AC +2) [potion of mutation]
 17703 | D:9      | Gained mutation: You are dopey. (Int -2) [potion of
                  | mutation]
 17703 | D:9      | Gained mutation: You have a beak for a mouth. [potion of
                  | mutation]
 18093 | D:9      | Noticed a two-headed ogre
 18113 | D:9      | Killed a two-headed ogre
 18238 | D:9      | Slain by an orc warrior

Illustrated notes

Levels and vault maps discovered:
D:1:      lemuel_arrival_lava_pool, layout_loops_corners,
          chequers_serial_rivers_micro_b, kennysheep_boxes
D:2:      layout_basic, vehumet_crystals, okawaru_gym_becter, trog_book
D:3:      layout_rooms
D:4:      layout_gridville, nicolae_overflow_hidden_temple, serial_bayou,
          serial_bayou_pond_e, serial_bayou_pond_d, serial_bayou_ford_a,
          serial_bayou_pond_b, kennysheep_nub, nicolae_qazlal_eye_of_the_storm
D:5:      layout_loops_corners, gammafunk_temple_overflow_statue,
          nicolae_overflow_crystal_walls, gammafunk_ghost_cemetery,
          minmay_misc_feat_square
D:6:      layout_rooms, lemuel_crystal_altar, zin_statuary
D:7:      gammafunk_beogh_shrine, layout_basic, overflow_temple_1_default,
          overflow_temple_1_default, minmay_temple_entry_enclosed_plants,
          st_stairs_3, uniq_joseph, uniq_pikel
D:8:      layout_gridville, minivault_29
D:9:      layout_cave_pods, grunt_temple_overflow_growth_and_decay,
          lemuel_round_altar, nrook_uturn
Temple:   compressed_dpeg_triangle_lava_temple

Skill      XL: |  1  2  3  4  5  6  7  8  9 10 11 |
---------------+----------------------------------+-----
Stealth        | 3 |  3.9
Summonings     | 2 |  2.0
Spellcasting   | 4 |  4.0
Conjurations   | 2 |  2.0
Air Magic      | 2 |  2.0
Poison Magic   | 1 2 |  2.0
Fighting       | 1 2 3 5 6 8 |  8.4
Shields        | 1 2 4 6 8 10 11 | 11.3
Dodging        | 3 4 6 7 8 |  8.1
Translocations | |  1.0

Action                   |  1- 3 |  4- 6 |  7- 9 | 10-12 || total
-------------------------+-------+-------+-------+-------++-------
Melee: Dagger            |    21 |    74 |    71 |       ||   166
       Constrict         |     6 |    20 |    39 |    47 ||   112
       Tentacles         |     5 |    11 |    32 |    57 ||   105
       Trident           |       |       |   139 |   296 ||   435
       Peck              |       |       |       |     3 ||     3
 Cast: Magic Dart        |    64 |   105 |   112 |    76 ||   357
       Call Imp          |       |    47 |   116 |   101 ||   264
       Mephitic Cloud    |       |       |     5 |     4 ||     9
       Blink             |       |       |     1 |       ||     1
Evoke: Wand              |       |       |    23 |    10 ||    33
  Use: Scroll            |       |       |    12 |     6 ||    18
       Potion            |       |       |       |     5 ||     5
 Stab: Sleeping          |       |     5 |     1 |       ||     6
       Distracted        |       |       |     2 |    12 ||    14
       Confused          |       |       |     2 |     1 ||     3
Armor: Skin              |       |     3 |    11 |     7 ||    21
Dodge: Dodged            |    10 |    40 |   100 |   156 ||   306
Block: Kite shield       |       |       |    48 |   165 ||   213
